[Event "POL-chT 2 Liga 2019"]
[Site "Poronin"]
[Date "2019.09.07"]
[Round "1.3"]
[White "Wisniewski, Michal"]
[Black "Tymrakiewicz, Rafal"]
[Result "1-0"]
[ECO "A05"]
[WhiteElo "2130"]
[BlackElo "2257"]
[Annotator "ChessBase"]
[PlyCount "117"]
[EventDate "2019.09.07"]
[EventType "team-tourn"]
[EventCountry "POL"]
[SourceTitle "playchess.com"]
[Source "ChessBase"]
[SourceQuality "1"]
[TimeControl "40/5400+30:1800+30"]

1. Nf3 Nf6 2. c4 d6 3. g3 g6 4. Bg2 Bg7 5. O-O O-O 6. Nc3 e5 7. d3 Nh5 8. Rb1 f5 9. Qb3 Kh8 10. c5 c6 11. cxd6 Qxd6 12. Nd2 Na6 13. Nc4 Qe7 14. Bd2 Be6 15. Qa3 Qd7 16. Rfd1 Nc7 17. b4 h6 18. Qc1 Kh7 19. Na4 Na6 20. Nc5 Nxc5 21. bxc5 Bd5 22. e4 Bxc4 23. dxc4 Qe7 24. exf5 gxf5 25. Bc3 Rf7 26. Rd6 Raf8 27. Qc2 e4 28. f3 exf3 29. Re1 Qg5 30. Bxf3 Nxg3 31. Bd2 Qh4 32. hxg3 Qxg3+ 33. Bg2 Rf6 34. Qd3 Qh4 35. Re7 R8f7 36. Rxf7 Rxf7 37. Qh3 Bd4+ 38. Kh1 Qxh3+ 39. Bxh3 Bxc5 40. Rxh6+ Kg7 41. Re6 Bd4 42. Kg2 Bf6 43. Bxf5 Rf8 44. Rd6 Rd8 45. Rxd8 Bxd8 46. Bc8 b5 47. c5 Be7 48. Be3 Kf6 49. Bd7 Ke5 50. Bxc6 b4 51. Kf3 a5 52. Ke2 Bh4 53. Kd3 Be1 54. Bd4+ Ke6 55. Kc4 Bd2 56. Bd5+ Kd7 57. Be5 a4 58. c6+ Ke7 59. c7 1-0

[Event "POL-chT 2 Liga 2019"]
[Site "Poronin"]
[Date "2019.09.07"]
[Round "1.4"]
[White "Szoen, Dariusz"]
[Black "Adamczewski, Maciej"]
[Result "1-0"]
[ECO "C11"]
[WhiteElo "2415"]
[BlackElo "2109"]
[Annotator "ChessBase"]
[PlyCount "57"]
[EventDate "2019.09.07"]
[EventType "team-tourn"]
[EventCountry "POL"]
[SourceTitle "playchess.com"]
[Source "ChessBase"]
[SourceQuality "1"]
[TimeControl "40/5400+30:1800+30"]

1. e4 e6 2. d4 d5 3. Nc3 Nf6 4. e5 Nfd7 5. f4 c5 6. Nf3 Nc6 7. Be3 Be7 8. Qd2 O-O 9. O-O-O c4 10. f5 b5 11. g4 b4 12. Ne2 c3 13. Qe1 cxb2+ 14. Kb1 Nb6 15. Nf4 Na4 16. Bd2 Qa5 17. f6 Nc3+ 18. Bxc3 bxc3 19. Ne2 Bb4 20. Qh4 Re8 21. Ng5 h6 22. Nxf7 Qc7 23. Nxh6+ gxh6 24. Nf4 Bf8 25. Qh5 Qf7 26. Bd3 Qxh5 27. gxh5 Ba3 28. Rhg1+ Kf8 29. Rg7 1-0

[Event "POL-chT 2 Liga 2019"]
[Site "Poronin"]
[Date "2019.09.07"]
[Round "1.5"]
[White "Tabola, Marcin"]
[Black "Gmaj, Krzysztof"]
[Result "1/2-1/2"]
[ECO "C03"]
[WhiteElo "2003"]
[BlackElo "2120"]
[Annotator "ChessBase"]
[PlyCount "46"]
[EventDate "2019.09.07"]
[EventType "team-tourn"]
[EventCountry "POL"]
[SourceTitle "playchess.com"]
[Source "ChessBase"]
[SourceQuality "1"]
[TimeControl "40/5400+30:1800+30"]

1. e4 e6 2. d4 d5 3. Nd2 h6 4. Bd3 Nf6 5. Ngf3 c5 6. exd5 exd5 7. Qe2+ Be7 8. dxc5 O-O 9. O-O Bxc5 10. Nb3 Re8 11. Qd2 Bb6 12. Re1 Ne4 13. Bxe4 dxe4 14. Nfd4 Nd7 15. Nb5 Nf6 16. c4 Qe7 17. Qd6 Bd7 18. a4 Be6 19. a5 Bd8 20. N3d4 Bxc4 21. Qg3 Nh5 22. Qg4 Nf6 23. Qg3 Nh5 1/2-1/2

[Event "POL-chT 2 Liga 2019"]
[Site "Poronin"]
[Date "2019.09.07"]
[Round "1.6"]
[White "Kubicka, Anna"]
[Black "Poznanska, Katarzyna"]
[Result "1-0"]
[ECO "B42"]
[WhiteElo "2225"]
[BlackElo "2082"]
[Annotator "ChessBase"]
[PlyCount "41"]
[EventDate "2019.09.07"]
[EventType "team-tourn"]
[EventCountry "POL"]
[SourceTitle "playchess.com"]
[Source "ChessBase"]
[SourceQuality "1"]
[TimeControl "40/5400+30:1800+30"]

1. e4 c5 2. Nf3 e6 3. d4 cxd4 4. Nxd4 a6 5. Bd3 Qc7 6. O-O Nf6 7. Qe2 d6 8. c4 Be7 9. Nc3 b6 10. Be3 Nbd7 11. f4 O-O 12. g4 Nc5 13. g5 Nh5 14. Qxh5 Nxd3 15. Rf3 g6 16. Qh6 f6 17. f5 fxg5 18. fxg6 Bf6 19. Rxf6 Rxf6 20. gxh7+ Qxh7 21. Qxf6 1-0

[Event "POL-chT 2 Liga 2019"]
[Site "Poronin"]
[Date "2019.09.07"]
[Round "1.8"]
[White "Szadkowski, Kamil"]
[Black "Piotrowski, Przemyslaw"]
[Result "1-0"]
[ECO "B67"]
[WhiteElo "2245"]
[BlackElo "2293"]
[Annotator "ChessBase"]
[PlyCount "53"]
[EventDate "2019.09.07"]
[EventType "team-tourn"]
[EventCountry "POL"]
[SourceTitle "playchess.com"]
[Source "ChessBase"]
[SourceQuality "1"]
[TimeControl "40/5400+30:1800+30"]

1. e4 c5 2. Nf3 Nc6 3. d4 cxd4 4. Nxd4 Nf6 5. Nc3 d6 6. Bg5 e6 7. Qd2 a6 8. O-O-O Bd7 9. f4 b5 10. Bxf6 gxf6 11. Kb1 Qb6 12. Nxc6 Bxc6 13. f5 Qc5 14. Bd3 h5 15. fxe6 fxe6 16. Qe1 Qe5 17. Nd5 O-O-O 18. Qa5 exd5 19. exd5 Qxd5 20. c4 Qc5 21. b4 Qa7 22. cxb5 Qc7 23. b6 Qd7 24. Bf5 Be4+ 25. Bxe4 Qb5 26. b7+ Kd7 27. Bf5+ 1-0

[Event "POL-chT 2 Liga 2019"]
[Site "Poronin"]
[Date "2019.09.07"]
[Round "1.9"]
[White "Fudalej, Michal"]
[Black "Szadkowski, Krzysztof"]
[Result "1/2-1/2"]
[ECO "A05"]
[WhiteElo "2235"]
[BlackElo "2138"]
[Annotator "ChessBase"]
[PlyCount "35"]
[EventDate "2019.09.07"]
[EventType "team-tourn"]
[EventCountry "POL"]
[SourceTitle "playchess.com"]
[Source "ChessBase"]
[SourceQuality "1"]
[TimeControl "40/5400+30:1800+30"]

1. Nf3 Nf6 2. g3 g6 3. Bg2 Bg7 4. c4 c5 5. Nc3 d5 6. Qa4+ Bd7 7. Qb3 dxc4 8. Qxc4 Qc8 9. d4 cxd4 10. Qxc8+ Bxc8 11. Nb5 Na6 12. Nfxd4 O-O 13. Bf4 Ne8 14. Bg5 e5 15. Nb3 Nac7 16. Nxc7 Nxc7 17. Nc5 Ne6 18. Nxe6 1/2-1/2

[Event "POL-chT 2 Liga 2019"]
[Site "Poronin"]
[Date "2019.09.07"]
[Round "1.10"]
[White "Leskiewicz, Ignacy"]
[Black "Maciol, Ryszard"]
[Result "1-0"]
[ECO "C06"]
[WhiteElo "2116"]
[BlackElo "2165"]
[Annotator "ChessBase"]
[PlyCount "93"]
[EventDate "2019.09.07"]
[EventType "team-tourn"]
[EventCountry "POL"]
[SourceTitle "playchess.com"]
[Source "ChessBase"]
[SourceQuality "1"]
[TimeControl "40/5400+30:1800+30"]

1. e4 e6 2. d4 d5 3. Nd2 Nf6 4. e5 Nfd7 5. c3 c5 6. Bd3 Nc6 7. Ne2 cxd4 8. cxd4 f6 9. exf6 Nxf6 10. Nf3 Bd6 11. O-O Qc7 12. Qc2 O-O 13. Bg5 h6 14. Bh4 e5 15. dxe5 Nxe5 16. Nxe5 Qxc2 17. Bxc2 Bxe5 18. Bb3 Be6 19. Rad1 Bxb2 20. Nf4 Bf7 21. Nxd5 g5 22. Bg3 Nxd5 23. Bxd5 Rad8 24. Bxf7+ Kxf7 25. h4 Bd4 26. Rd3 Rd5 27. Rfd1 Rfd8 28. Kf1 Kf6 29. Bc7 R8d7 30. Bb8 Ke6 31. Re1+ Kf6 32. Re4 Bc5 33. hxg5+ hxg5 34. Rf3+ Kg7 35. Be5+ Kg6 36. g4 Rd1+ 37. Kg2 R1d2 38. Bc3 R2d3 39. Rf6+ Kh7 40. Be5 Rd1 41. Rf5 R7d2 42. Bc3 Rd5 43. Rf7+ Kg8 44. Rg7+ Kf8 45. Rxb7 Rd7 46. Rb5 R1d5 47. Rxc5 1-0

[Event "POL-chT 2 Liga 2019"]
[Site "Poronin"]
[Date "2019.09.07"]
[Round "1.11"]
[White "Kolasinski, Krzysztof"]
[Black "Kwiatkowski, Wiktor"]
[Result "1/2-1/2"]
[ECO "E91"]
[WhiteElo "2104"]
[BlackElo "2011"]
[Annotator "ChessBase"]
[PlyCount "144"]
[EventDate "2019.09.07"]
[EventType "team-tourn"]
[EventCountry "POL"]
[SourceTitle "playchess.com"]
[Source "ChessBase"]
[SourceQuality "1"]
[TimeControl "40/5400+30:1800+30"]

1. d4 Nf6 2. c4 g6 3. Nc3 Bg7 4. e4 d6 5. Be2 O-O 6. Nf3 c5 7. O-O Nc6 8. d5 Na5 9. h3 a6 10. Bg5 Rb8 11. Rb1 h6 12. Bf4 b5 13. cxb5 axb5 14. b4 cxb4 15. Rxb4 Ba6 16. Qd2 g5 17. Be3 Nc4 18. Bxc4 bxc4 19. Rxb8 Qxb8 20. Nd4 Qc7 21. Rc1 Re8 22. Nf5 Bf8 23. h4 Bc8 24. hxg5 hxg5 25. Ng3 Ng4 26. Bd4 f6 27. Nb5 Qd7 28. a4 Ba6 29. Qa5 Bxb5 30. Qxb5 Qxb5 31. axb5 Rb8 32. b6 Ne5 33. Ne2 Nd7 34. Rb1 Rb7 35. Nc3 Bg7 36. Kf1 f5 37. Bxg7 Kxg7 38. Na4 fxe4 39. Rb5 Kf6 40. Ra5 Nxb6 41. Rb5 c3 42. Nxc3 Rb8 43. Nxe4+ Kf5 44. f3 Nd7 45. Ra5 Rb1+ 46. Kf2 Rb2+ 47. Ke3 Rxg2 48. Ra7 Nf6 49. Kd4 Nxe4 50. fxe4+ Kf6 51. Ra8 Rg3 52. Rf8+ Kg7 53. Rf5 Kg6 54. Rf8 Ra3 55. Rg8+ Kf6 56. Rf8+ Kg7 57. Rf5 Kg6 58. Rf8 g4 59. Rg8+ Kh5 60. Rg7 Ra7 61. e5 Ra4+ 62. Ke3 g3 63. Kf3 dxe5 64. Rxe7 Rf4+ 65. Kxg3 Rd4 66. Rxe5+ Kg6 67. Kf3 Kf6 68. Rh5 Kg6 69. Ke3 Rd1 70. Re5 Kf6 71. Re6+ Kf5 72. Rd6 Ke5 {Ke4+} 1/2-1/2

[Event "POL-chT 2 Liga 2019"]
[Site "Poronin"]
[Date "2019.09.07"]
[Round "1.12"]
[White "Pastuszko, Kinga"]
[Black "Dmochowska, Agnieszka"]
[Result "1/2-1/2"]
[ECO "B32"]
[WhiteElo "1998"]
[BlackElo "2110"]
[Annotator "ChessBase"]
[PlyCount "92"]
[EventDate "2019.09.07"]
[EventType "team-tourn"]
[EventCountry "POL"]
[SourceTitle "playchess.com"]
[Source "ChessBase"]
[SourceQuality "1"]
[TimeControl "40/5400+30:1800+30"]

1. e4 c5 2. Nf3 Nc6 3. d4 cxd4 4. Nxd4 e5 5. Nb5 d6 6. N1c3 a6 7. Na3 b5 8. Nd5 Nge7 9. Bg5 h6 10. Bxe7 Bxe7 11. c3 O-O 12. g3 Rb8 13. Nc2 f5 14. Bg2 Kh8 15. exf5 Bxf5 16. Nce3 Be6 17. O-O b4 18. Be4 bxc3 19. bxc3 Bg5 20. Qh5 Bf7 21. Qg4 Ne7 22. Nxe7 Qxe7 23. Nf5 Qe6 24. h4 Bf6 25. Rfd1 Rb6 26. Bd5 Qc8 27. Bxf7 Rxf7 28. Qg6 Rf8 29. Nxd6 Qc7 30. Ne4 Bxh4 31. Qg4 Bg5 32. Nxg5 hxg5 33. Qxg5 Rh6 34. Qd2 Qc8 35. Qd7 Qxc3 36. Qd3 Qc5 37. Rd2 Qc8 38. Rad1 Qh3 39. Qd5 Qh2+ 40. Kf1 Qxg3 41. Qg2 Qxg2+ 42. Kxg2 Rg6+ 43. Kf1 Rgf6 44. Re1 Rf5 45. Ree2 R8f6 46. Rd8+ Kh7 1/2-1/2

[Event "POL-chT 2 Liga 2019"]
[Site "Poronin"]
[Date "2019.09.07"]
[Round "1.13"]
[White "Lapaj, Mateusz"]
[Black "Maciejczak, Jakub"]
[Result "1/2-1/2"]
[ECO "B12"]
[WhiteElo "2207"]
[BlackElo "2383"]
[Annotator "ChessBase"]
[PlyCount "99"]
[EventDate "2019.09.07"]
[EventType "team-tourn"]
[EventCountry "POL"]
[SourceTitle "playchess.com"]
[Source "ChessBase"]
[SourceQuality "1"]
[TimeControl "40/5400+30:1800+30"]

1. e4 c6 2. d4 d5 3. e5 Bf5 4. Nf3 e6 5. Be2 Nd7 6. O-O h6 7. Nbd2 Ne7 8. Nb3 Bh7 9. Bd2 Ng6 10. Rc1 Be7 11. c4 O-O 12. cxd5 cxd5 13. Ne1 Nh4 14. g3 Nf5 15. Ng2 Nb6 16. g4 Nh4 17. Nxh4 Bxh4 18. Nc5 Nc4 19. Bb4 Qb6 20. Qb3 Rfc8 21. Bxc4 dxc4 22. Rxc4 Qc6 23. Qh3 Be7 24. b3 Qd5 25. Qe3 b6 26. Na6 Bg5 27. f4 Bd8 28. Rxc8 Rxc8 29. Bd2 Qb5 30. Nb4 Be7 31. a4 Qd7 32. Nd3 Qd5 33. Rc1 Rd8 34. Bb4 Qxd4 35. Qxd4 Rxd4 36. Rc8+ Rd8 37. Rxd8+ Bxd8 38. Ne1 f6 39. Kf2 fxe5 40. fxe5 Kf7 41. Nf3 Be4 42. Nd4 Bd5 43. Bd6 a6 44. b4 Kg6 45. b5 axb5 46. axb5 h5 47. h3 Bc4 48. Kg3 Bg5 49. gxh5+ Kxh5 50. Bc7 1/2-1/2

[Event "POL-chT 2 Liga 2019"]
[Site "Poronin"]
[Date "2019.09.07"]
[Round "1.16"]
[White "Wlodarczyk, Oskar"]
[Black "Garbowski, Jakub"]
[Result "0-1"]
[ECO "A16"]
[WhiteElo "2243"]
[BlackElo "2052"]
[Annotator "ChessBase"]
[PlyCount "132"]
[EventDate "2019.09.07"]
[EventType "team-tourn"]
[EventCountry "POL"]
[SourceTitle "playchess.com"]
[Source "ChessBase"]
[SourceQuality "1"]
[TimeControl "40/5400+30:1800+30"]

1. c4 Nf6 2. Nc3 d5 3. cxd5 Nxd5 4. g3 g6 5. Bg2 Nb6 6. d3 Bg7 7. Be3 Nc6 8. Rc1 Be6 9. Qd2 Nd5 10. Bh6 Bxh6 11. Qxh6 Nxc3 12. Qg7 Rf8 13. Bxc6+ bxc6 14. Qxc3 Qd5 15. Nf3 Rb8 16. b3 Rb6 17. O-O f6 18. Qd2 Bg4 19. Nh4 Qh5 20. Qe3 g5 21. Rc5 Qf7 22. Nf3 Bxf3 23. Qxf3 Kd7 24. Rfc1 Qe6 25. d4 Rc8 26. R1c3 Rd8 27. d5 cxd5 28. Rxc7+ Ke8 29. Qh5+ Kf8 30. Qxh7 d4 31. Rc1 Rbd6 32. Qh8+ Kf7 33. Qh5+ Kf8 34. Rxa7 d3 35. exd3 Rxd3 36. Kf1 Qe4 37. Kg1 g4 38. Qh8+ Kf7 39. Qh5+ Kg7 40. Rf1 R3d5 41. Ra4 Qxa4 42. Qxd5 Rxd5 43. bxa4 Rd4 44. Ra1 Rxa4 45. a3 Kg6 46. Kf1 Kf5 47. Ra2 e5 48. Ke2 Ke4 49. Kd2 Kf3 50. Kc3 Kg2 51. f4+ Kf3 52. fxe5 fxe5 53. Kb3 Ra8 54. Ra1 e4 55. Rf1+ Ke2 56. Rf4 e3 57. Rxg4 Kd3 58. Rg7 Rb8+ 59. Ka4 Re8 60. Rd7+ Kc2 61. Rc7+ Kb2 62. Rb7+ Ka2 63. Rc7 Re4+ 64. Kb5 Kb2 65. Rd7 e2 66. Rd2+ Kxa3 0-1

[Event "POL-chT 2 Liga 2019"]
[Site "Poronin"]
[Date "2019.09.07"]
[Round "1.17"]
[White "Siedlinski, Piotr"]
[Black "Chmielarz, Maciej"]
[Result "1/2-1/2"]
[ECO "B19"]
[WhiteElo "2062"]
[BlackElo "2008"]
[Annotator "NA"]
[PlyCount "181"]
[EventDate "2019.09.07"]
[EventType "team-tourn"]
[EventCountry "POL"]
[SourceTitle "playchess.com"]
[Source "ChessBase"]
[SourceQuality "1"]
[TimeControl "40/5400+30:1800+30"]

1. e4 c6 2. d4 d5 3. Nd2 dxe4 4. Nxe4 Bf5 5. Ng3 Bg6 6. h4 h6 7. Nf3 Nd7 8. h5 Bh7 9. Bd3 Bxd3 10. Qxd3 Qc7 11. Bd2 e6 12. O-O-O Ngf6 13. Ne4 c5 14. Nxf6+ Nxf6 15. Qb5+ Qd7 16. Qxd7+ Nxd7 17. d5 exd5 18. Rhe1+ Be7 19. Bf4 Nf8 20. Rxd5 Ne6 21. Be3 Rc8 22. Red1 Rc7 23. Ne5 O-O 24. f4 Rfc8 25. c4 Nd4 26. b3 Ne2+ 27. Kc2 Ng3 28. Nf3 Ne4 29. Re5 Nf6 30. Bf2 Ng4 31. Re2 Bf6 32. Rd5 Re7 33. Rxe7 Bxe7 34. Rd7 Bf6 35. Bg1 Re8 36. Kd3 b6 37. Rxa7 Rd8+ 38. Kc2 Re8 39. Rd7 Re2+ 40. Rd2 Re4 41. Rd6 Re2+ 42. Rd2 Re4 43. g3 Be7 44. Kd3 Re6 45. Re2 Rxe2 46. Kxe2 Nf6 47. Ne5 Nxh5 48. Kf3 Nf6 49. b4 cxb4 50. Bxb6 g5 51. fxg5 hxg5 52. Ba5 Bd6 53. Nd3 Nd7 54. Bxb4 Bxb4 55. Nxb4 Ne5+ 56. Ke4 Nxc4 57. Kf5 Kf8 58. Kxg5 Ke7 59. Kf5 Nb6 60. Ke5 f6+ 61. Kf5 Kf7 62. Nd3 Nc4 63. Nc5 Nd6+ 64. Kf4 Kg6 65. a4 Nc4 66. Nb7 Kf7 67. a5 Ke6 68. a6 Kd5 69. a7 Nb6 70. Kf5 Kc6 71. Na5+ Kb5 72. Nb3 Ka6 73. Kxf6 Kxa7 74. Ke6 Kb7 75. g4 Kc7 76. Nc5 Kd8 77. Kf7 Nd5 78. g5 Ne7 79. Kf6 Ke8 80. Ne6 Nd5+ 81. Kf5 Ne7+ 82. Kf6 Nd5+ 83. Kg7 Ne7 84. Nc7+ Kd8 85. Kf6 Kd7 86. Kf7 Nc6 87. Nd5 Kd6 88. Kf6 Kxd5 89. g6 Kd6 90. g7 Ne7 91. g8=N 1/2-1/2

[Event "POL-chT 2 Liga 2019"]
[Site "Poronin"]
[Date "2019.09.07"]
[Round "1.18"]
[White "Czerwinska, Milena"]
[Black "Guzik, Jolanta"]
[Result "1/2-1/2"]
[ECO "C02"]
[WhiteElo "2006"]
[BlackElo "2012"]
[Annotator "NA"]
[PlyCount "42"]
[EventDate "2019.09.07"]
[EventType "team-tourn"]
[EventCountry "POL"]
[SourceTitle "playchess.com"]
[Source "ChessBase"]
[SourceQuality "1"]
[TimeControl "40/5400+30:1800+30"]

1. e4 e6 2. d4 d5 3. e5 c5 4. c3 Nc6 5. Nf3 Bd7 6. Be2 f6 7. exf6 Nxf6 8. Bf4 Be7 9. O-O O-O 10. Bd3 cxd4 11. Nxd4 Nxd4 12. cxd4 Qb6 13. Qd2 Bb4 14. Nc3 Rac8 15. Rac1 Bd6 16. Bg3 Bxg3 17. hxg3 a6 18. b3 Qd6 19. Qf4 Qb4 20. Qd2 Qd6 21. Qf4 Qb4 1/2-1/2

[Event "POL-chT 2 Liga 2019"]
[Site "Poronin"]
[Date "2019.09.07"]
[Round "1.19"]
[White "Sieciechowicz, Marcin"]
[Black "Kumala, Aleksander"]
[Result "1/2-1/2"]
[ECO "A40"]
[WhiteElo "2364"]
[BlackElo "2203"]
[Annotator "ChessBase"]
[PlyCount "112"]
[EventDate "2019.09.07"]
[EventType "team-tourn"]
[EventCountry "POL"]
[SourceTitle "playchess.com"]
[Source "ChessBase"]
[SourceQuality "1"]
[TimeControl "40/5400+30:1800+30"]

1. d4 e6 2. Nf3 b6 3. c4 Bb7 4. Nc3 f5 5. g3 Nf6 6. Bg2 Be7 7. O-O Ne4 8. Bd2 Bf6 9. Rc1 O-O 10. d5 Bxc3 11. Bxc3 Nxc3 12. Rxc3 Qf6 13. Qd4 a5 14. dxe6 dxe6 15. c5 Rd8 16. Qxf6 gxf6 17. Rfc1 Be4 18. cxb6 cxb6 19. Ne1 Ra7 20. f3 Bd5 21. e4 fxe4 22. fxe4 Ba8 23. Rd3 Rad7 24. Rxd7 Nxd7 25. Nd3 Kf7 26. Rc7 Ke7 27. e5 Bxg2 28. Kxg2 Rf8 29. Ra7 Rc8 30. g4 Ke8 31. exf6 Nxf6 32. g5 Nd7 33. h4 Rc2+ 34. Kf3 Rd2 35. Nf4 e5 36. Ne6 Kf7 37. Ke3 Rd1 38. Ke2 Rd6 39. Nc7 Ke7 40. h5 Rd4 41. Rb7 Rh4 42. Nd5+ Ke6 43. Nxb6 Nxb6 44. Rxb6+ Kf5 45. g6 Rxh5 46. gxh7 Rxh7 47. Rb5 Ke4 48. Kd2 Kd4 49. Rxa5 Rh2+ 50. Kc1 e4 51. Ra8 e3 52. Rd8+ Kc4 53. Kd1 Rxb2 54. Ke1 Rxa2 55. Re8 Kd3 56. Rd8+ Ke4 1/2-1/2

[Event "POL-chT 2 Liga 2019"]
[Site "Poronin"]
[Date "2019.09.07"]
[Round "1.20"]
[White "Kasperek, Ryszard"]
[Black "Grela, Kacper"]
[Result "0-1"]
[ECO "B57"]
[WhiteElo "2213"]
[BlackElo "2346"]
[Annotator "ChessBase"]
[PlyCount "63"]
[EventDate "2019.09.07"]
[EventType "team-tourn"]
[EventCountry "POL"]
[SourceTitle "playchess.com"]
[Source "ChessBase"]
[SourceQuality "1"]
[TimeControl "40/5400+30:1800+30"]

1. e4 c5 2. Nf3 d6 3. d4 cxd4 4. Nxd4 Nf6 5. Nc3 Nc6 6. Bc4 e5 7. Nf5 Be6 8. Bb3 Nxe4 9. Nxg7+ Bxg7 10. Nxe4 d5 11. Ng5 O-O 12. c3 h6 13. Nxe6 fxe6 14. O-O Qh4 15. g3 Qh3 16. f4 e4 17. Be3 Rad8 18. Qc2 Kh8 19. Qg2 Qg4 20. Rad1 b6 21. h3 Qg6 22. Ba4 Ne7 23. g4 Rg8 24. Rd2 Bf6 25. Kh1 h5 26. Qg1 Qh6 27. Rh2 Nf5 28. Qf2 Bh4 29. Qd2 Ng3+ 30. Kg2 Nxf1 31. Kxf1 Rdf8 32. Ke2 0-1

[Event "POL-chT 2 Liga 2019"]
[Site "Poronin"]
[Date "2019.09.07"]
[Round "1.21"]
[White "Komendecki, Jacek"]
[Black "Cajbel, Maciej"]
[Result "0-1"]
[ECO "B35"]
[WhiteElo "2073"]
[BlackElo "2199"]
[Annotator "ChessBase"]
[PlyCount "80"]
[EventDate "2019.09.07"]
[EventType "team-tourn"]
[EventCountry "POL"]
[SourceTitle "playchess.com"]
[Source "ChessBase"]
[SourceQuality "1"]
[TimeControl "40/5400+30:1800+30"]

1. e4 c5 2. Nf3 Nc6 3. d4 cxd4 4. Nxd4 g6 5. Nc3 Bg7 6. Be3 Nf6 7. Bc4 Qa5 8. f3 Qb4 9. Nxc6 bxc6 10. Bb3 O-O 11. O-O d6 12. Qd2 Nd7 13. a3 Qa5 14. Bc4 Rb8 15. b4 Qc7 16. Be2 e6 17. f4 d5 18. Rab1 a6 19. Kh1 Rd8 20. e5 c5 21. Na4 d4 22. Bg1 Bf8 23. c3 Qc6 24. Nxc5 Nxc5 25. bxc5 Rxb1 26. Rxb1 Bxc5 27. cxd4 Bb7 28. Bf3 Qxf3 29. gxf3 Bxf3+ 30. Qg2 Bxg2+ 31. Kxg2 Bxd4 32. Rd1 Bb6 33. Rxd8+ Bxd8 34. Kf3 Kf8 35. Ke4 Ke8 36. Bd4 Kd7 37. Kd3 Kc6 38. a4 Kd5 39. Bf2 g5 40. fxg5 Bxg5 {Ke4+} 0-1

[Event "POL-chT 2 Liga 2019"]
[Site "Poronin"]
[Date "2019.09.07"]
[Round "1.22"]
[White "Puczylowski, Marcin"]
[Black "Kowalak, Piotr"]
[Result "1-0"]
[ECO "B22"]
[WhiteElo "2115"]
[BlackElo "2108"]
[Annotator "ChessBase"]
[PlyCount "87"]
[EventDate "2019.09.07"]
[EventType "team-tourn"]
[EventCountry "POL"]
[SourceTitle "playchess.com"]
[Source "ChessBase"]
[SourceQuality "1"]
[TimeControl "40/5400+30:1800+30"]

1. e4 c5 2. c3 g6 3. d4 cxd4 4. cxd4 d5 5. exd5 Nf6 6. Bb5+ Nbd7 7. Nc3 Bg7 8. d6 exd6 9. Qe2+ Qe7 10. Bf4 d5 11. Qxe7+ Kxe7 12. Nf3 Nb6 13. O-O h6 14. a4 a6 15. a5 Nbd7 16. Rfe1+ Kd8 17. Ba4 Nb8 18. Ne5 Be6 19. Nxg6 Rg8 20. Ne5 Nbd7 21. Ra3 Nh5 22. Bxd7 Nxf4 23. Bxe6 Bxe5 24. dxe5 Rxg2+ 25. Kh1 fxe6 26. Nd1 Rg5 27. Rf3 Ng6 28. Rf6 Ke7 29. f4 Rg4 30. Ne3 Rxf4 31. Rxg6 Raf8 32. Rxh6 Re4 33. Rh7+ Ke8 34. Kg2 Rg8+ 35. Kf3 Rf8+ 36. Ke2 Rxe5 37. Rxb7 d4 38. Kd3 dxe3 39. Rxe3 Rd5+ 40. Kc3 Rf6 41. Rh3 Rf8 42. Rb8+ Rd8 43. Rb6 Rc8+ 44. Kd4 1-0

[Event "POL-chT 2 Liga 2019"]
[Site "Poronin"]
[Date "2019.09.07"]
[Round "1.23"]
[White "Krawiec, Grzegorz"]
[Black "Zurkowski, Andrzej"]
[Result "0-1"]
[ECO "B06"]
[WhiteElo "1792"]
[BlackElo "2029"]
[Annotator "NA"]
[PlyCount "96"]
[EventDate "2019.09.07"]
[EventType "team-tourn"]
[EventCountry "POL"]
[SourceTitle "playchess.com"]
[Source "ChessBase"]
[SourceQuality "1"]
[TimeControl "40/5400+30:1800+30"]

1. e4 d6 2. d4 g6 3. Nc3 Bg7 4. Be3 c6 5. Qd2 Nd7 6. Bc4 Ngf6 7. a4 d5 8. exd5 Nb6 9. Bb3 Nbxd5 10. Nxd5 cxd5 11. f3 O-O 12. Ne2 a5 13. Bh6 Re8 14. Bxg7 Kxg7 15. O-O b6 16. Rfe1 Ba6 17. c3 Qd6 18. Nf4 e6 19. Nd3 Nd7 20. Ne5 Nf8 21. Ng4 Nd7 22. Qh6+ Kg8 23. h4 Qf8 24. Qf4 h5 25. Nh6+ Kg7 26. g4 hxg4 27. fxg4 f6 28. Bc2 Kh7 29. g5 fxg5 30. Qc7 Qe7 31. Ng4 Kg7 32. hxg5 Qxg5 33. Qg3 Nf6 34. Bd1 Ne4 35. Qe5+ Qxe5 36. Nxe5 Nd6 37. Bg4 Nf5 38. Kf2 Rh8 39. Nd7 Rae8 40. Nxb6 Rh2+ 41. Kg1 Reh8 42. Bf3 Rxb2 43. Rxe6 Rh3 44. Nxd5 Rg3+ 45. Kh1 Rxf3 46. Rxa6 Rff2 47. Kg1 Rg2+ 48. Kh1 Ng3# 0-1

[Event "POL-chT 2 Liga 2019"]
[Site "Poronin"]
[Date "2019.09.07"]
[Round "1.24"]
[White "Kasperek, Joanna"]
[Black "Karykowska, Anna"]
[Result "1-0"]
[ECO "B46"]
[WhiteElo "2045"]
[BlackElo "1895"]
[Annotator "NA"]
[PlyCount "111"]
[EventDate "2019.09.07"]
[EventType "team-tourn"]
[EventCountry "POL"]
[SourceTitle "playchess.com"]
[Source "ChessBase"]
[SourceQuality "1"]
[TimeControl "40/5400+30:1800+30"]

1. e4 c5 2. Nf3 a6 3. Nc3 e6 4. d4 cxd4 5. Nxd4 Nc6 6. Be2 Qc7 7. O-O Nf6 8. Be3 Be7 9. f4 d6 10. a4 O-O 11. Kh1 Bd7 12. Nb3 Na5 13. e5 Ne8 14. Nxa5 Qxa5 15. Ne4 Qc7 16. a5 Bc6 17. Bb6 Qb8 18. Qd4 Bxe4 19. Qxe4 d5 20. Qd4 Nc7 21. c3 Nb5 22. Qe3 Qe8 23. Bd3 g6 24. Rf3 f5 25. exf6 Rxf6 26. Bxb5 Qxb5 27. Bd4 Rf7 28. Qxe6 Bf8 29. Re1 Qc6 30. b4 Qxe6 31. Rxe6 Bg7 32. Bxg7 Kxg7 33. g3 Rd8 34. Rfe3 Kf8 35. Rd3 Rfd7 36. Rb6 Rc7 37. Kg2 Kf7 38. b5 axb5 39. Rxb5 Ke6 40. Kf3 Rdd7 41. g4 Rc4 42. g5 Ra4 43. Kg4 Ra2 44. h4 Rg2+ 45. Kf3 Rc2 46. Rb6+ Kf7 47. h5 gxh5 48. f5 Rc1 49. Kf4 Rf1+ 50. Rf3 Rg1 51. Rh6 Rg4+ 52. Ke3 Re7+ 53. Kd3 Rxg5 54. f6 Re8 55. Rxh7+ Kf8 56. f7 1-0

[Event "POL-chT 2 Liga 2019"]
[Site "Poronin"]
[Date "2019.09.07"]
[Round "1.27"]
[White "Augustyn, Sebastian"]
[Black "Mis, Mieszko"]
[Result "1/2-1/2"]
[ECO "A11"]
[WhiteElo "2171"]
[BlackElo "2320"]
[Annotator "ChessBase"]
[PlyCount "52"]
[EventDate "2019.09.07"]
[EventType "team-tourn"]
[EventCountry "POL"]
[SourceTitle "playchess.com"]
[Source "ChessBase"]
[SourceQuality "1"]
[TimeControl "40/5400+30:1800+30"]

1. c4 c6 2. g3 d5 3. cxd5 cxd5 4. Bg2 Nf6 5. d4 Nc6 6. Nf3 Bf5 7. O-O e6 8. Nc3 a6 9. Nh4 Be4 10. f3 Bg6 11. Nxg6 hxg6 12. Be3 Be7 13. Bf2 Rc8 14. e4 dxe4 15. fxe4 e5 16. dxe5 Qxd1 17. Rfxd1 Ng4 18. Bb6 Ncxe5 19. Nd5 Rxh2 20. Rac1 Nc4 21. Bf3 Nxb6 22. Nc7+ Rxc7 23. Rxc7 Rh3 24. Kg2 Rh2+ 25. Kg1 Rh3 26. Kg2 Rh2+ 1/2-1/2

[Event "POL-chT 2 Liga 2019"]
[Site "Poronin"]
[Date "2019.09.07"]
[Round "1.28"]
[White "Szpar, Milosz"]
[Black "Czarnecki, Wojciech"]
[Result "1-0"]
[ECO "A10"]
[WhiteElo "2309"]
[BlackElo "1980"]
[Annotator "ChessBase"]
[PlyCount "47"]
[EventDate "2019.09.07"]
[EventType "team-tourn"]
[EventCountry "POL"]
[SourceTitle "playchess.com"]
[Source "ChessBase"]
[SourceQuality "1"]
[TimeControl "40/5400+30:1800+30"]

1. c4 f5 2. g3 Nf6 3. Bg2 g6 4. Nc3 Bg7 5. Nf3 O-O 6. O-O c5 7. d4 cxd4 8. Nxd4 Qc7 9. Ndb5 Qd8 10. c5 a6 11. Na3 Qc7 12. Nc4 Nc6 13. Rb1 Rd8 14. Bf4 e5 15. Nd5 Qb8 16. Bg5 Rf8 17. Ndb6 Ra7 18. Nd6 Ne7 19. Qb3+ Kh8 20. Nf7+ Kg8 21. Nxe5+ Kh8 22. Nf7+ Kg8 23. Nd6+ Kh8 24. Bf4 1-0